 Dungeon Crawl Stone Soup version 0.27-a0-1612-gde56a17b89 (webtiles) character file.

Game seed: 3341293857330500315

1076 MovingMist the Covered (level 8, -1/50 HPs)
             Began as a Gargoyle Fighter on July 21, 2021.
             Was a Follower of Okawaru.
             Shot with an arrow by a centaur (7 damage)
             ... on level 6 of the Dungeon.
             The game lasted 00:07:21 (5669 turns).

MovingMist the Covered (Gargoyle Fighter)           Turns: 5669, Time: 00:07:22

Health: -1/50      AC: 17    Str: 21    XL:     8   Next: 29%
Magic:  17/17      EV:  7    Int:  8    God:    Okawaru [*.....]
Gold:   295        SH:  9    Dex: 11    Spells: 7/7 levels left

rFire    . . .     SeeInvis .   l - +2 whip (elec)
rCold    . . .     Faith    .   c - +0 kite shield
rNeg     + . .     Spirit   .   f - +0 chain mail
rPois    ∞         Reflect  .   r - +2 hat
rElec    +         Harm     .   (no cloak)
rCorr    .         Rampage  .   (no gloves)
Will     .....                  (no boots)
Stlth    ..........             (no amulet)
HPRegen  0.16/turn              j - ring of magical power
MPRegen  0.15/turn              (no ring)

@: no status effects
A: sickness immunity, AC +5, negative energy resistance 1, electricity
resistance, torment resistance 1, petrification resistance
a: Renounce Religion, Heroism


You were on level 6 of the Dungeon.
You worshipped Okawaru.
Okawaru was aware of your devotion.
You visited 2 branches of the dungeon, and saw 7 of its levels.

You collected 295 gold pieces.

Inventory:

Hand Weapons
 l - a +2 whip of electrocution (weapon)
Missiles
 u - 2 throwing nets (quivered)
Armour
 c - a +0 kite shield (worn)
 f - a +0 chain mail (worn)
 r - a +2 hat (worn)
Jewellery
 j - a ring of magical power (left hand)
Wands
 a - a wand of mindburst (14)
 n - a wand of acid (5)
Scrolls
 g - 2 scrolls of amnesia
 h - a scroll of fear
 k - 2 scrolls of enchant weapon {unknown}
 m - a scroll of noise {unknown}
 o - 2 scrolls of magic mapping {unknown}
 s - a scroll of identify
 t - a scroll of fog {unknown}
 w - a scroll of torment {unknown}
Potions
 b - a potion of haste
 d - 2 potions of might
 e - a potion of berserk rage
 i - a potion of magic {unknown}
 p - a potion of brilliance {unknown}
 q - a potion of attraction {unknown}
 v - a potion of lignification {unknown}


   Skills:
 + Level 5.6 Fighting
 + Level 4.5 Maces & Flails
 + Level 5.7 Armour
 * Level 4.8 Dodging
 - Level 3.2 Shields


You had 7 spell levels left.
You didn't know any spells.
Your spell library contained the following spells:

 Spells                   Type           Power      Damage    Failure   Level
 Magic Dart               Conj           0%         1d3       100%        1
 Summon Small Mammal      Summ           0%         N/A       100%        1
 Searing Ray              Conj           0%         3d3       100%        2
 Call Canine Familiar     Summ           0%         N/A       100%        3
 Stone Arrow              Conj/Erth      0%         3d7       100%        3
 Summon Guardian Golem    Hex/Summ       0%         N/A       100%        3
 Fulminant Prism          Conj/Hex       0%         3d6       100%        4
 Bolt of Magma            Conj/Fire/Erth 0%         4d4       100%        5
 Fireball                 Conj/Fire      0%         3d3       100%        5
 Starburst                Conj/Fire      0%         8x6d3     100%        6
 Ignition                 Fire           0%         3d3       100%        8
 Shatter                  Erth           0%         3d5*      100%        9


Dungeon Overview and Level Annotations

Branches:
Dungeon (6/15)             Temple (1/1) D:4

Altars:
Cheibriados
Fedhas
Nemelex Xobeh
Okawaru
Xom
Yredelemnul
The Shining One


Innate Abilities, Weirdness & Mutations

You are immune to sickness and miasma.
Your stone body is resilient. (AC +5)
You are immune to poison.
You resist negative energy. (rN+)
You are resistant to electric shocks. (rElec)
You are resistant to unholy torment.
You are immune to petrification.


Message History

The ufetubus hits you but does no damage. x2
You completely miss the black bear.
The black bear is heavily wounded.
You block the ufetubus's attack.
The ufetubus hits you but does no damage.
The black bear bites you.
The black bear claws you but does no damage.
You block the black bear's attack.
You whack the black bear!
The black bear is severely wounded.
You block the ufetubus's attack. The ufetubus hits you.
The black bear goes berserk!
You block the ufetubus's attack.
The ufetubus hits you but does no damage.
You hit the black bear.
The black bear is almost dead.
You feel like a meek peon again.
The black bear bites you but does no damage.
The black bear claws you. The black bear barely misses you.
The ufetubus closely misses you. The ufetubus barely misses you.
You hit the black bear but do no damage.
Lightning courses through the black bear!
You kill the black bear!
Okawaru accepts your kill. You block the ufetubus's attack.
The ufetubus hits you.
* * * LOW HITPOINT WARNING * * *
Found 24 bolts.
The ufetubus hits you but does no damage. x2
You see here a black bear corpse.
You closely miss the ufetubus.
The centaur unwields a +0 shortbow.
You block the centaur's attack. x2
The ufetubus hits you but does no damage.
The ufetubus barely misses you.
The ufetubus hits you but does no damage.
You block the ufetubus's attack.
The centaur wields a +0 shortbow.
The centaur shoots an arrow.
The arrow hits you!
* * * LOW HITPOINT WARNING * * *
You block the ufetubus's attack. The ufetubus barely misses you.
The centaur shoots an arrow.
The arrow hits you!
You die...

#.......#
#........ #
.......(. .# #.
.........
...#.###........
......#........
#...........
##†@....... .##
#c5#....... ....
##n##......
....#####C#
#.....
.......#..#
..##.
.........## #.##
..n......# .. ..
........##
.####..
........##
#..#.......#.#


You could see a cyclops, a necrophage, a centaur and an ufetubus.

Vanquished Creatures
  Eustachio (D:5)
  Duvessa (D:5)
  An ice beast (D:5)
  A black bear (D:6)
  An ogre (D:5)
  A kobold brigand (D:5)
  A scorpion (D:5)
  Dowan (D:5)
  A jelly (D:3)
  A centaur zombie (D:6)
  2 centaur skeletons
  2 iguanas
  An orc wizard (D:3)
  2 adders
  7 gnolls
  An adder skeleton (D:4)
  A worm (D:2)
  2 dart slugs
  12 orcs
  2 endoplasms
  6 giant cockroaches
  4 goblins
  9 hobgoblins
  2 jackals (D:5)
  11 kobolds
  4 quokkas
  8 ball pythons
  6 bats
  2 frilled lizards
  2 rats
96 creatures vanquished.

Notes
Turn   | Place    | Note
-------+----------+-------------------------------------------
     0 | D:1      | MovingMist the Gargoyle Fighter began the quest for the
                  | Orb.
     0 | D:1      | Reached XP level 1. HP: 14/14 MP: 1/1
   311 | D:1      | Reached XP level 2. HP: 17/19 MP: 2/2
   545 | D:1      | Reached skill level 1 in Dodging
   913 | D:1      | Reached XP level 3. HP: 23/23 MP: 3/3
  1426 | D:2      | Found a snail-covered altar of Cheibriados.
  1482 | D:2      | Reached XP level 4. HP: 6/29 MP: 4/4
  2441 | D:3      | Found a sparkling altar of Nemelex Xobeh.
  2478 | D:3      | Reached XP level 5. HP: 19/33 MP: 5/5
  2732 | D:3      | Found a faded altar of an unknown god.
  3439 | D:4      | Found a staircase to the Ecumenical Temple.
  3478 | Temple   | Entered the Ecumenical Temple
  3482 | Temple   | Became a worshipper of Warmaster Okawaru
  3762 | D:4      | Reached XP level 6. HP: 29/38 MP: 6/6
  3934 | D:5      | Entered Level 5 of the Dungeon
  4080 | D:5      | Noticed Eustachio
  4101 | D:5      | Killed Eustachio
  4194 | D:5      | Found a large runed translucent door.
  4195 | D:5      | Found a large runed translucent door.
  4198 | D:5      | Found a shimmering altar of Xom.
  4208 | D:5      | Noticed Duvessa
  4208 | D:5      | Noticed Dowan
  4228 | D:5      | Killed Duvessa
  4229 | D:5      | Reached XP level 7. HP: 29/44 MP: 7/7
  4233 | D:5      | Killed Dowan
  4233 | D:5      | HP: 1/44 [centaur skeleton (3)]
  4234 | D:5      | Reached skill level 5 in Armour
  4633 | D:5      | Reached skill level 5 in Fighting
  4786 | D:5      | Reached * piety under Okawaru
  5079 | D:5      | Reached XP level 8. HP: 14/49 MP: 8/8
  5635 | D:6      | Noticed a cyclops
  5669 | D:6      | Shot with an arrow by a centaur

Illustrated notes

Levels and vault maps discovered:
D:1:      roderic_octagonal_star, layout_basic
D:2:      layout_basic, basic_altar, grunt_ministairs_1, minmay_octomino_j4
D:3:      layout_basic, general_overflow_altar,
          hellmonk_ecumenical_altar_run_dry, dk_noncrumbling_4
D:4:      layout_rooms, minmay_temple_entry_large_hall,
          kennysheep_generic_room_12
D:5:      due_chaos_kobolds, layout_cave_pods, uniq_duvessa, uniq_eustachio
D:6:      lemuel_ratsnest, layout_cave_pools, kennysheep_generic_room_5,
          uniq_grinder
Temple:   zaba_magenta_temple

Skill      XL: |  1  2  3  4  5  6  7 |
---------------+----------------------+-----
Dodging        | 1 2 3 4 |  4.8
Fighting       | 4 5 |  5.6
Armour         | 4 5 |  5.7
Maces & Flails | 3 4 |  4.5
Shields        | |  3.2

Action                   |  1- 3 |  4- 6 |  7- 9 || total
-------------------------+-------+-------+-------++-------
Melee: Flail             |   116 |    14 |       ||   130
       Whip              |       |   142 |    60 ||   202
Invok: Heroism           |       |       |     1 ||     1
  Use: Scroll            |       |     4 |       ||     4
Armor: Scale mail        |     9 |       |       ||     9
       Chain mail        |    76 |    66 |    78 ||   220
Dodge: Dodged            |    29 |    28 |    29 ||    86
Block: Kite shield       |    86 |    69 |    56 ||   211

Table legend: (Time is in decaauts)
 A = Elapsed time spent in this place.
 B = Non-inter-level travel time spent in this place.
 C = Inter-level travel time spent in this place.
 D = Time resting spent in this place.
 E = Time spent auto-exploring this place.
 F = Levels seen in this place.
 G = Mean time per level.
                   A        B        C        D        E       F      G
               +--------+--------+--------+--------+--------+-----+--------+
         Total |   5768 |   5659 |    109 |   1343 |   3362 |   7 |  824.0 |
       Dungeon |   5757 |   5648 |    109 |   1343 |   3362 |   6 |  959.5 |
        Temple |     10 |     10 |      0 |      0 |      0 |   1 |   10.0 |
               +--------+--------+--------+--------+--------+-----+--------+

Top non-repeatable levels by time:
     D:5: 1684 daAuts
     D:2: 1364 daAuts
     D:1: 1141 daAuts
     D:3: 852 daAuts
     D:4: 654 daAuts
     D:6: 59 daAuts
  Temple: 10 daAuts
